 Dungeon Crawl Stone Soup version 0.30-a0-591-g3c58d2bc28 (webtiles) character file.

Game seed: 865402389288975553

2019 OTABOTABOTAB the Insei (level 9, -9/69 HPs)
             Began as an Octopode Transmuter on Jan 5, 2023.
             Killed from afar by a steam dragon (13 damage)
             ... with a ball of steam
             ... on level 7 of the Dungeon.
             The game lasted 00:16:26 (5759 turns).

OTABOTABOTAB the Insei (Octopode Transmuter)        Turns: 5759, Time: 00:16:26

Health: -9/69      AC:  7    Str: 11    XL:     9   Next: 23%
Magic:  9/12       EV: 11    Int: 18    God:
Gold:   193        SH:  0    Dex: 12    Spells: 2/12 levels left

rFire   x . .      SeeInvis +      - Unarmed
rCold   + + +      Faith    .    (shield currently unavailable)
rNeg    . . .      Spirit   .    (helmet currently unavailable)
rPois   +          Reflect  .    c - amulet of regeneration
rElec   .          Harm     .    V - ring of see invisible {sInv, !d}
rCorr   .          Rampage  .    (no ring)
Will    .....                    (no ring)
Stlth   +                        (no ring)
HPRegen 1.11/turn                (no ring)
MPRegen 0.13/turn                (no ring)
                                 (no ring)
                                 (no ring)

@: ice-form
A: freezing attack, boosted hp, almost no armour, amphibious, 8 rings, large,
(camouflage 1), (gelatinous body 1), (nimble swimmer 1), (tentacles)
a: End Transformation


You were on level 7 of the Dungeon.
You were a creature of crystalline ice.
You visited 2 branches of the dungeon, and saw 8 of its levels.

You collected 233 gold pieces.
You spent 40 gold pieces at shops.

Inventory:

Hand Weapons
 k - a +3 short sword of flaming (melded)
   (You took it off a kobold on level 2 of the Dungeon)
Missiles
 m - 6 javelins
 s - 33 stones
Magical Staves
 e - a staff of air {rElec}
   (You found it on level 1 of the Dungeon)
Jewellery
 c - an amulet of regeneration (around neck)
   (You found it on level 1 of the Dungeon)
 V - a ring of see invisible (left front paw) {sInv, !d}
   (You found it on level 1 of the Dungeon)
Wands
 i - a wand of iceblast (13)
   (You found it on level 6 of the Dungeon)
 j - a wand of polymorph (8)
   (You found it on level 3 of the Dungeon)
Scrolls
 D - a scroll of blinking {!r}
 Y - a scroll of teleportation {@r3}
Potions
 a - a potion of haste {unknown}
 d - a potion of brilliance {unknown}
 g - a potion of attraction {unknown}
 l - a potion of ambrosia {unknown}
 I - a potion of invisibility
 J - 3 potions of curing {@q1}
 L - a potion of flight
 M - 2 potions of might
 P - a potion of lignification {!q}
 R - a potion of resistance
 U - 3 potions of mutation {!q}


   Skills:
 * Level 4.2 Fighting
 * Level 4.6 Dodging
 * Level 7.4 Unarmed Combat
 - Level 2.0 Spellcasting
 - Level 5.4 Transmutations
 + Level 4.5 Ice Magic
 - Level 3.0 Poison Magic


You had 2 spell levels left.
You knew the following spells:

 Your Spells              Type           Power      Damage    Failure   Level
a - Beastly Appendage     Tmut           42%        N/A       1%          1
b - Wereblood             Tmut           21%        N/A       3%          2
c - Spider Form           Tmut/Pois      17%        N/A       10%         3
d - Ice Form              Ice/Tmut       19%        N/A       22%         4

Your spell library contained the following spells:

 Spells                   Type           Power      Damage    Failure   Level
 Magic Dart               Conj           4%         1d3       19%         1
 Searing Ray              Conj           2%         2d4       26%         2
 Frozen Ramparts          Ice            36%        1d6       9%          3
 Summon Ice Beast         Ice/Summ       9%         N/A       56%         4
 Anguish                  Hex/Necr       0%         N/A       87%         4
 Cause Fear               Hex            0%         N/A       87%         4
 Fulminant Prism          Conj/Hex       0%         3d5       87%         4
 Dragon Form              Tmut           10%        N/A       100%        7
 Enfeeble                 Hex            0%         N/A       100%        7
 Dragon's Call            Summ           0%         N/A       100%        9


Dungeon Overview and Level Annotations

Branches:
Dungeon (7/15)             Temple (1/1) D:7

Altars:
Ashenzari
Cheibriados
Dithmenos
Elyvilon
Kikubaaqudgha
Makhleb
Sif Muna
Trog
Vehumet
Wu Jian
Xom

Shops:
D:6 [*?

Annotations:
D:3 2 transporters, bmack86's ghost, weakling MiFi


Innate Abilities, Weirdness & Mutations

You are a creature of crystalline ice.
You have a powerful freezing melee attack.
Your maximum health is increased.
Your armour is entirely melded.
You are incapable of wielding weapons or throwing items.
You cannot wear most types of armour.
You are amphibious.
You can wear up to eight rings at the same time.
((Your skin changes colour to match your surroundings (Stealth+).))
((Your rubbery body absorbs attacks. (AC +1, EV +1)))
((You are camouflaged when in or above water. (Stealth+)))
((You have tentacles for arms and can constrict up to eight enemies at once.))


Message History

There is a stone staircase leading up here.
You now have 193 gold pieces (gained 17).
Found a staircase to the Ecumenical Temple.
A steam dragon comes into view.
Found an escape hatch in the ceiling.
A sky beast comes into view.
There is a staircase to the Ecumenical Temple here.
You climb downwards.
Welcome to the Ecumenical Temple!
Found a radiant altar of Vehumet and an ornate altar of the Wu Jian Council.
There is a staircase back to the Dungeon here.
Found a shimmering blue altar of Sif Muna and a shimmering altar of Xom.
Found a burning altar of Makhleb.
Found three altars.
There is a burning altar of Makhleb here.
Found a white marble altar of Elyvilon.
Found a snail-covered altar of Cheibriados.
Found a shadowy altar of Dithmenos.
Done exploring.
Done exploring.
Done exploring.
There is a snail-covered altar of Cheibriados here.
There is a staircase back to the Dungeon here.
Search for what [Enter for "altar", or ? for help]? altar Unknown command.
You climb upwards.
Welcome back to the Dungeon!
You hear the hiss of flowing sand.
There is an entrance to an ossuary on this level.
Hurry and find it before the portal is buried!
You hear the slow hiss of an avalanche of sand nearby.
The steam dragon hisses angrily.
The sky beast misses you.
There is a staircase to the Ecumenical Temple here.
The spell is quite dangerous to miscast (24% risk of failure)!
Continue anyway?
You turn into a creature of crystalline ice.
Your +3 short sword of flaming melds into your body.
Your +3 short sword of flaming stops flaming.
The sky beast closely misses you.
You now have 69/69 hp.
You punch the sky beast! You freeze the sky beast.
The sky beast closely misses you.
You hit the sky beast. You freeze the sky beast.
The steam dragon breathes steam at you.
The ball of steam hits the plant!
The plant begins to die.
The ball of steam misses you.
The ball of steam hits the plant!
The plant begins to die.
The sky beast hits you but does no damage.
You hear a bark!
You hear a shout!
You punch the sky beast! You freeze the sky beast.
You kill the sky beast!
You are engulfed in a cloud of scalding steam.
The plant is engulfed in a cloud of scalding steam. x2
The plant begins to die.
The plant is engulfed in a cloud of scalding steam.
The plant begins to die.
The plant is engulfed in a cloud of scalding steam.
The plant begins to die.
The plant is engulfed in a cloud of scalding steam.
You are engulfed in a cloud of scalding steam.
The plant is engulfed in a cloud of scalding steam. x6
The plant begins to die.
An orc comes into view.
It is wielding a +0 hand axe of flaming.
You take 15 damage, and have 54/69 hp.
MASSIVE DAMAGE!!
You hit the steam dragon. You freeze the steam dragon.
The plant is engulfed in a cloud of scalding steam. x3
The steam dragon breathes steam at you. The ball of steam hits you!!
The steam scalds you terribly!
You hear a bark!
You hear a shout!
A scorpion comes into view.
You take 33 damage, and have 21/69 hp.
MASSIVE DAMAGE!!
You hit the steam dragon but do no damage.
You are engulfed in a cloud of scalding steam.
Something shouts, "Embrace thy dedition, thou lumpish rude-growing Cock-Lorel!"
The plant is engulfed in a cloud of scalding steam. x3
A hound comes into view.
You hit the steam dragon but do no damage.
You are engulfed in a cloud of scalding steam.
* * * LOW HITPOINT WARNING * * *
The plant is engulfed in a cloud of scalding steam.
A nearby plant withers and dies. x3; The steam dragon barely misses you. x2
You take 1 damage, and have 21/69 hp.
You punch the steam dragon! You freeze the steam dragon.
You are engulfed in a cloud of scalding steam.
* * * LOW HITPOINT WARNING * * *
A nearby plant withers and dies. x2
The steam dragon breathes steam at you. The ball of steam misses you.
You hear a shout! x2
You take 4 damage, and have 17/69 hp.
You barely miss the steam dragon.
A nearby plant withers and dies.
The steam dragon bites you but does no damage.
The steam dragon claws you.
* * * LOW HITPOINT WARNING * * *
You take 3 damage, and have 14/69 hp.
You hit the steam dragon. You freeze the steam dragon.
You are engulfed in a cloud of scalding steam.
* * * LOW HITPOINT WARNING * * *
The steam dragon breathes steam at you. The ball of steam hits you!
The steam scalds you terribly!
You die...

######$....# .#
...........##....
.......§....#...#
.......o§...!...<
......§§s......#
......§§§....$########
......§..............#
......§Y§..#.........#
....$..Dh..#....<....#
........P............#
.......####..........##
....... ##............
....... #............
....... #.........$..
##.#### #............
...###........


You could see a steam dragon (catching breath), a scorpion and a hound.

Vanquished Creatures
  Edmund (D:5)
  An orc warrior (D:5)
  2 ice beasts
  A sky beast (D:7)
  3 black bears
  2 centaurs (D:4)
  2 phantoms
  A necrophage (D:6)
  A bullfrog (D:6)
  5 scorpions
  A howler monkey (D:4)
  A jelly (D:5)
  A hound (D:4)
  A gnoll bouda (D:4)
  2 iguanas
  4 orc wizards
  4 gnolls (D:4)
  9 adders
  2 shadow imps (D:6)
  2 white imps
  A dart slug (D:4)
  2 worms
  19 orcs
  6 endoplasms
  3 giant cockroaches
  3 goblins
  2 hobgoblins
  8 jackals
  2 quokkas
  10 ball pythons
  4 bats
  2 frilled lizards (D:3)
  8 kobolds
  5 rats
121 creatures vanquished.

Vanquished Creatures (others)
  An orc (D:7)
  6 plants (D:7)
  14 toadstools (D:1)
21 creatures vanquished.

Grand Total: 142 creatures vanquished

Notes
Turn   | Place    | Note
-------+----------+-------------------------------------------
     0 | D:1      | OTABOTABOTAB the Octopode Transmuter began the quest for
                  | the Orb.
     0 | D:1      | Reached XP level 1. HP: 13/13 MP: 3/3
   190 | D:1      | Reached skill level 1 in Poison Magic
   190 | D:1      | Reached XP level 2. HP: 18/18 MP: 3/5
   689 | D:2      | Reached XP level 3. HP: 23/23 MP: 4/6
   780 | D:2      | Found an ornate altar of the Wu Jian Council.
   961 | D:2      | Reached skill level 2 in Poison Magic
   985 | D:2      | Learned a level 2 spell: Wereblood
   989 | D:2      | Learned a level 3 spell: Spider Form
  1227 | D:2      | Reached XP level 4. HP: 28/28 MP: 5/7
  1273 | D:2      | Found a faded altar of an unknown god.
  1409 | D:2      | Reached skill level 3 in Transmutations
  1797 | D:3      | Noticed a black bear
  1811 | D:3      | Killed a black bear
  1812 | D:3      | Reached skill level 4 in Unarmed Combat
  1812 | D:3      | Reached skill level 3 in Poison Magic
  1812 | D:3      | Reached XP level 5. HP: 16/33 MP: 5/8
  1994 | D:3      | Reached skill level 4 in Transmutations
  1994 | D:3      | Reached XP level 6. HP: 38/38 MP: 7/9
  2128 | D:3      | Noticed bmack86's ghost (weakling MiFi)
  2131 | D:3      | Found a transporter.
  2139 | D:3      | Found a transporter.
  2598 | D:4      | Reached skill level 5 in Unarmed Combat
  2677 | D:4      | Noticed a black bear
  2695 | D:4      | Reached skill level 1 in Ice Magic
  2712 | D:4      | Killed a black bear
  2713 | D:4      | Reached XP level 7. HP: 41/43 MP: 2/10
  2825 | D:4      | HP: 10/43 [centaur (1)]
  2829 | D:4      | Reached skill level 2 in Ice Magic
  2934 | D:4      | Reached skill level 5 in Transmutations
  2940 | D:4      | Learned a level 4 spell: Ice Form
  2990 | D:4      | Reached skill level 6 in Unarmed Combat
  2990 | D:4      | Reached skill level 3 in Ice Magic
  3440 | D:4      | Reached XP level 8. HP: 48/48 MP: 7/11
  3493 | D:5      | Entered Level 5 of the Dungeon
  3622 | D:5      | Reached skill level 2 in Fighting
  4063 | D:5      | Reached skill level 3 in Dodging
  4208 | D:5      | Noticed Edmund
  4225 | D:5      | Killed Edmund
  4287 | D:5      | Reached skill level 3 in Fighting
  4287 | D:5      | Reached skill level 4 in Ice Magic
  5120 | D:6      | Reached skill level 7 in Unarmed Combat
  5144 | D:6      | Found Amituasoanu's General Store.
  5201 | D:6      | Reached skill level 4 in Dodging
  5204 | D:6      | Reached XP level 9. HP: 51/57 MP: 9/12
  5243 | D:6      | Found Xedec's Antique Armour Boutique.
  5303 | D:6      | Found Yfofuul's Magic Scroll Shoppe.
  5306 | D:6      | Bought a scroll of identify for 20 gold pieces
  5306 | D:6      | Bought a scroll of identify for 20 gold pieces
  5325 | D:6      | Reached skill level 4 in Fighting
  5688 | D:7      | Found a staircase to the Ecumenical Temple.
  5697 | Temple   | Entered the Ecumenical Temple
  5757 | D:7      | HP: 16/69 [steam dragon] (5)]
  5759 | D:7      | HP: 3/69 [steam dragon] (11)]
  5759 | D:7      | Killed from afar by a steam dragon

Illustrated notes

Levels and vault maps discovered:
D:1:      nagdon_arrival_zigzag_paths, layout_rooms, serial_curves,
          eino_curves_03, eino_curves_03
D:2:      layout_basic, nicolae_ecumenical_lake_church, basic_altar,
          minmay_between
D:3:      layout_basic, gammafunk_ghost_arena
D:4:      layout_cave_pools, hangedman_feature_mirror
D:5:      layout_basic, uniq_edmund
D:6:      layout_rooms, serial_shops, nicolae_square_shop, kennysheep_mini, shop
D:7:      cheibrodos_grave_circle, layout_rooms,
          nicolae_overflow_hallway_of_the_gods, lemuel_crystal_altar,
          minmay_temple_entry_overgrown, enter_ossuary_4, serial_bayou_crossing
Temple:   nicolae_temple_ecumenical_triangle

Skill      XL: |  1  2  3  4  5  6  7  8  9 |
---------------+----------------------------+-----
Poison Magic   | 1 2 3 |  3.0
Transmutations | 3 4 5 |  5.4
Unarmed Combat | 4 5 6 7 |  7.4
Ice Magic      | 1 3 4 |  4.5
Fighting       | 3 4 |  4.2
Dodging        | 4 |  4.6
Spellcasting   | |  2.0

Action                   |  1- 3 |  4- 6 |  7- 9 || total
-------------------------+-------+-------+-------++-------
Melee: Unarmed           |    72 |    46 |   204 ||   322
       Constrict         |    25 |     7 |     1 ||    33
       Kick              |    20 |     4 |       ||    24
       Tentacles         |    12 |     4 |     2 ||    18
       Short sword       |     2 |    26 |    14 ||    42
       Punch             |       |     2 |     2 ||     4
Throw: Stone             |    12 |       |       ||    12
 Cast: Beastly Appendage |    25 |    10 |     1 ||    36
       Spider Form       |       |     7 |    25 ||    32
       Wereblood         |       |     1 |       ||     1
       Ice Form          |       |       |     9 ||     9
 Abil: End Transformatio |    19 |    13 |    28 ||    60
  Use: Scroll            |       |     6 |     9 ||    15
       Potion            |       |     1 |     1 ||     2
 Stab: Sleeping          |     5 |     4 |       ||     9
Armor: Skin              |     2 |     7 |    23 ||    32
Dodge: Dodged            |    44 |    44 |   162 ||   250

Table legend: (Time is in decaauts)
 A = Elapsed time spent in this place.
 B = Non-inter-level travel time spent in this place.
 C = Inter-level travel time spent in this place.
 D = Time resting spent in this place.
 E = Time spent auto-exploring this place.
 F = Levels seen in this place.
 G = Mean time per level.
                   A        B        C        D        E       F      G
               +--------+--------+--------+--------+--------+-----+--------+
         Total |   5725 |   5467 |    258 |    309 |   4106 |   8 |  715.6 |
       Dungeon |   5674 |   5431 |    243 |    309 |   4078 |   7 |  810.6 |
        Temple |     50 |     35 |     15 |      0 |     28 |   1 |   50.0 |
               +--------+--------+--------+--------+--------+-----+--------+

Top non-repeatable levels by time:
     D:5: 1430 daAuts
     D:2: 970 daAuts
     D:4: 949 daAuts
     D:3: 881 daAuts
     D:6: 741 daAuts
     D:1: 678 daAuts
  Temple: 50 daAuts
     D:7: 24 daAuts

Table legend:
 A = Kills in this place as a percentage of kills in entire the game.
 B = Kills by you in this place as a percentage of kills by you in the entire game.
 C = Kills by friends in this place as a percentage of kills by friends in the entire game.
 D = Other kills in this place as a percentage of other kills in the entire game.
 E = Experience gained in this place as a percentage of experience gained in the entire game.
 F = Experience gained in this place divided by the number of levels of this place that you have seen.
                   A       B       C       D       E      F
               +-------+-------+-------+-------+-------+----------------------
         Total | 100.0 | 100.0 |   N/A |   N/A | 100.0 | 360.6
       Dungeon | 100.0 | 100.0 |   N/A |   N/A | 100.0 | 412.1
               +-------+-------+-------+-------+-------+----------------------
